[Event "1000GM Spring IM-D 2024"]
[Site "New York"]
[Date "2024.03.28"]
[Round "1.1"]
[White "Mou, Iris"]
[Black "Fedorowicz, John"]
[Result "0-1"]
[ECO "B30"]
[WhiteElo "2216"]
[BlackElo "2372"]
[Annotator "RC"]
[PlyCount "110"]
[EventDate "2024.03.26"]
[EventType "schev"]
[EventCountry "USA"]
[SourceTitle "playchess.com"]
[Source "ChessBase"]
[SourceQuality "1"]
[TimeControl "5400+30"]

1. e4 c5 2. Nf3 Nc6 3. Bb5 e6 4. O-O Nge7 5. Re1 a6 6. Bf1 d5 7. exd5 Qxd5 8. Nc3 Qd8 9. Ne4 Nf5 10. b3 Be7 11. Bb2 O-O 12. a4 b6 13. Ne5 Bb7 14. Bd3 Nb4 15. Bc4 Kh8 16. Rc1 f6 17. c3 Nd5 18. Nf3 Qd7 19. d4 cxd4 20. Nxd4 Nxd4 21. Qxd4 Rad8 22. Bxd5 exd5 23. Ng3 Bc5 24. Qh4 Rfe8 25. b4 Bf8 26. Qd4 Qc7 27. Nh5 Re4 28. Qd3 Rde8 29. Rf1 Qc6 30. Ng3 Rc4 31. Nf5 d4 32. Qg3 dxc3 33. Rxc3 Rxc3 34. Bxc3 Qd7 35. Nd4 Re4 36. h3 Re5 37. Nf3 Re8 38. Nd4 Kg8 39. a5 bxa5 40. bxa5 Re5 41. Nf3 Rf5 42. Nh4 Rg5 43. Qe3 Qd5 44. Nf3 Qxf3 45. Qxg5 Qxc3 46. Qf5 Qc6 47. f3 g6 48. Qd3 Qc5+ 49. Kh1 Qxa5 50. Rd1 Qc7 51. Qb3+ Kg7 52. Rb1 Bc8 53. Qe3 Qe5 54. Qa7+ Kh6 55. Qb6 Bd6 0-1

[Event "1000GM Spring IM-D 2024"]
[Site "New York"]
[Date "2024.03.28"]
[Round "1.2"]
[White "Yoo, Eugene"]
[Black "Jakovljevic, Vlado"]
[Result "1-0"]
[ECO "D30"]
[WhiteElo "2205"]
[BlackElo "2356"]
[Annotator "RC"]
[PlyCount "55"]
[EventDate "2024.03.26"]
[EventType "schev"]
[EventCountry "USA"]
[SourceTitle "playchess.com"]
[Source "ChessBase"]
[SourceQuality "1"]
[TimeControl "5400+30"]

1. d4 d5 2. c4 c6 3. Nf3 Nf6 4. e3 e6 5. Nbd2 Be7 6. b3 Nbd7 7. Bd3 b6 8. Bb2 Bb7 9. O-O O-O 10. Qe2 Rc8 11. Rfd1 Qc7 12. Rac1 Qb8 13. Ne5 Nxe5 14. dxe5 Nd7 15. f4 f6 16. Nf3 Nc5 17. Bb1 dxc4 18. Qxc4 a5 19. exf6 gxf6 20. f5 Ba6 21. Qg4+ Kh8 22. fxe6 Rg8 23. Qh4 Rg7 24. Ng5 Bd3 25. Rxd3 Nxd3 26. Bxd3 Qd6 27. Nf7+ Rxf7 28. exf7 1-0

[Event "1000GM Spring IM-D 2024"]
[Site "New York"]
[Date "2024.03.28"]
[Round "1.3"]
[White "Gaw, Chloe"]
[Black "Lapshun, Yury"]
[Result "0-1"]
[ECO "A52"]
[WhiteElo "2092"]
[BlackElo "2332"]
[Annotator "RC"]
[PlyCount "52"]
[EventDate "2024.03.26"]
[EventType "schev"]
[EventCountry "USA"]
[SourceTitle "playchess.com"]
[Source "ChessBase"]
[SourceQuality "1"]
[TimeControl "5400+30"]

1. d4 Nf6 2. c4 e5 3. dxe5 Ng4 4. Nf3 Bc5 5. e3 Nc6 6. a3 a5 7. b3 O-O 8. Bb2 Re8 9. Nbd2 d6 10. Qc2 Ncxe5 11. Nxe5 dxe5 12. h3 Nxe3 13. fxe3 Qh4+ 14. Kd1 Bxe3 15. Qe4 Qf2 16. Be2 Rd8 17. Bc3 Bxd2 18. Bxd2 Bf5 19. Qf3 Qd4 20. Ra2 Bb1 21. Kc1 Bxa2 22. Bc3 Qb6 23. Bxe5 Qxb3 24. Qe4 Bb1 25. Qxb1 Qe3+ 26. Kb2 Rd2+ 0-1

[Event "1000GM Spring IM-D 2024"]
[Site "New York"]
[Date "2024.03.28"]
[Round "1.4"]
[White "Espinosa, Pedro"]
[Black "Rohde, Michael"]
[Result "0-1"]
[ECO "E61"]
[WhiteElo "2229"]
[BlackElo "2318"]
[Annotator "RC"]
[PlyCount "138"]
[EventDate "2024.03.26"]
[EventType "schev"]
[EventCountry "USA"]
[SourceTitle "playchess.com"]
[Source "ChessBase"]
[SourceQuality "1"]
[TimeControl "5400+30"]

1. d4 Nf6 2. c4 d6 3. Nf3 g6 4. Nc3 Bf5 5. d5 Bg7 6. Nd4 Bd7 7. e4 O-O 8. Be2 Na6 9. O-O Nc5 10. Bf3 a5 11. Be3 e5 12. Ndb5 Ne8 13. a3 f5 14. b4 axb4 15. axb4 Rxa1 16. Qxa1 Na6 17. c5 f4 18. Bc1 Nxb4 19. cxd6 Nxd6 20. Qa5 Nc2 21. Nxc7 Nd4 22. Kh1 Nxf3 23. gxf3 Qh4 24. Ne6 Qh3 25. Kg1 Qxf3 26. Qc7 Bxe6 27. dxe6 Qg4+ 28. Kh1 Qxe6 29. Ba3 Rc8 30. Qxd6 Qxd6 31. Bxd6 Rxc3 32. Rb1 f3 33. h3 Rc4 34. Rxb7 Rxe4 35. Rb3 Re1+ 36. Kh2 e4 37. Rb8+ Kf7 38. Rb7+ Kf6 39. Bb4 Rc1 40. Ba3 Rc2 41. Kg3 Bh6 42. Rxh7 Bd2 43. Rb7 g5 44. Rb6+ Kf7 45. Rb7+ Ke6 46. Rb6+ Kd5 47. Rb5+ Kc6 48. Rb2 Rxb2 49. Bxb2 Kd5 50. Kh2 Bf4+ 51. Kg1 Ke6 52. Ba3 Kf6 53. Bc5 Kg6 54. Be7 Kh5 55. Bd8 Kh4 56. Bb6 Kxh3 57. Kh1 g4 58. Kg1 Bg5 59. Bd4 Bf4 60. Bb6 g3 61. fxg3 Kxg3 62. Kh1 Kg4 63. Bc5 e3 64. Bd4 e2 65. Bf2 Bg3 66. Bg1 f2 67. Bxf2 Bxf2 68. Kh2 e1=Q 69. Kg2 Qg1# 0-1

[Event "1000GM Spring IM-D 2024"]
[Site "New York"]
[Date "2024.03.28"]
[Round "1.5"]
[White "Polyik, Peter"]
[Black "Ho, Carter"]
[Result "1-0"]
[ECO "A07"]
[WhiteElo "2295"]
[BlackElo "2108"]
[Annotator "RC"]
[PlyCount "55"]
[EventDate "2024.03.26"]
[EventType "schev"]
[EventCountry "USA"]
[SourceTitle "playchess.com"]
[Source "ChessBase"]
[SourceQuality "1"]
[TimeControl "5400+30"]

1. Nf3 d5 2. g3 g6 3. Bg2 Bg7 4. c4 dxc4 5. Qa4+ Nc6 6. O-O e5 7. Qxc4 Nge7 8. d3 O-O 9. Nc3 Be6 10. Qa4 h6 11. Bd2 Qd7 12. Ne4 b6 13. Bxh6 f5 14. Bxg7 fxe4 15. Bxf8 exf3 16. Bxe7 fxg2 17. Rfc1 Nxe7 18. Qxd7 Bxd7 19. Rxc7 Rd8 20. Kxg2 Nc6 21. Kf1 Nd4 22. Rac1 e4 23. dxe4 Bb5 24. Rc8 Rxc8 25. Rxc8+ Kf7 26. Rc7+ Ke6 27. f4 Bxe2+ 28. Kf2 1-0

[Event "1000GM Spring IM-D 2024"]
[Site "New York"]
[Date "2024.03.28"]
[Round "1.6"]
[White "Urhegyi, Marton"]
[Black "Ho, Cooper"]
[Result "1/2-1/2"]
[ECO "B33"]
[WhiteElo "2258"]
[BlackElo "2004"]
[Annotator "RC"]
[PlyCount "153"]
[EventDate "2024.03.26"]
[EventType "schev"]
[EventCountry "USA"]
[SourceTitle "playchess.com"]
[Source "ChessBase"]
[SourceQuality "1"]
[TimeControl "5400+30"]

1. e4 c5 2. Nf3 e6 3. d4 cxd4 4. Nxd4 Nf6 5. Nc3 Nc6 6. Ndb5 d6 7. Bf4 e5 8. Bg5 a6 9. Na3 b5 10. Nd5 Be7 11. Bxf6 Bxf6 12. c3 Rb8 13. Nc2 Bg5 14. a4 bxa4 15. Ncb4 Nxb4 16. Nxb4 Bd7 17. Bxa6 O-O 18. O-O Kh8 19. Qxd6 Be7 20. Qxe5 Bxb4 21. cxb4 Qb6 22. b5 Rfe8 23. Qd5 Bxb5 24. Bxb5 Qxb5 25. Qxb5 Rxb5 26. Rxa4 Rxb2 27. Rfa1 g6 28. f3 Kg7 29. R1a2 Reb8 30. Ra7 h5 31. e5 Rxa2 32. Rxa2 g5 33. h4 Rb5 34. Re2 gxh4 35. Kh2 Kg6 36. Kh3 Kg5 37. Re4 Rb1 38. Kh2 Rb5 39. Ra4 Rc5 40. Kh3 Rc1 41. Kh2 Rc5 42. Rb4 Ra5 43. Kh3 Ra1 44. Kh2 Ra5 45. Rb7 Rxe5 46. Rxf7 Re1 47. Ra7 Rf1 48. Ra5+ Kg6 49. Re5 Rb1 50. Rc5 Rf1 51. Rb5 Rd1 52. Rb2 Kg5 53. Rf2 Kf4 54. Ra2 Kg5 55. Ra5+ Kg6 56. g3 hxg3+ 57. Kxg3 Rf1 58. Kf4 h4 59. Rg5+ Kf6 60. Rh5 Rh1 61. Rh6+ Kg7 62. Ra6 h3 63. Kg3 Kf7 64. Rh6 Kg7 65. Rxh3 Rxh3+ 66. Kxh3 Kf6 67. Kg4 Kg6 68. f4 Kf6 69. f5 Kf7 70. Kf4 Kf6 71. Ke4 Kf7 72. Ke5 Ke7 73. f6+ Kf7 74. Kf5 Kf8 75. Kg6 Kg8 76. f7+ Kf8 77. Kf6 1/2-1/2

[Event "1000GM Spring IM-D 2024"]
[Site "New York"]
[Date "2024.03.28"]
[Round "1.7"]
[White "Zaderman, Vitaly"]
[Black "Cherukuri, Nitesh"]
[Result "0-1"]
[ECO "A65"]
[WhiteElo "2177"]
[BlackElo "2000"]
[Annotator "RC"]
[PlyCount "85"]
[EventDate "2024.03.26"]
[EventType "schev"]
[EventCountry "USA"]
[SourceTitle "playchess.com"]
[Source "ChessBase"]
[SourceQuality "1"]
[TimeControl "5400+30"]

1. d4 Nf6 2. c4 g6 3. Nc3 Bg7 4. e4 d6 5. f3 O-O 6. Bd3 c5 7. d5 e6 8. Nge2 exd5 9. cxd5 a6 10. a4 Nbd7 11. Ng3 h5 12. Bg5 Ne5 13. Be2 Qb6 14. Qc1 Nh7 15. a5 Qc7 16. Bh6 b5 17. axb6 Qxb6 18. Bxg7 Kxg7 19. f4 Ng4 20. h3 Ngf6 21. O-O Re8 22. Bf3 Rb8 23. Qe3 Bb7 24. Rf2 Qb3 25. Qd2 Nf8 26. Nf1 N8d7 27. Ra3 Qb4 28. Ra4 Qb6 29. Ne3 Qc7 30. b3 Bc8 31. Nc4 Rxb3 32. e5 dxe5 33. d6 Qb8 34. Bc6 e4 35. f5 Bb7 36. Bxd7 Nxd7 37. Nd5 Bxd5 38. Qxd5 Rd3 39. Qc6 e3 40. f6+ Nxf6 41. Rxf6 Kxf6 42. d7+ Re6 43. Qf3+ 0-1

[Event "1000GM Spring IM-D 2024"]
[Site "New York"]
[Date "2024.03.28"]
[Round "1.8"]
[White "Khodzhamkuliev, Bahadur"]
[Black "Shangin, Lev"]
[Result "1/2-1/2"]
[ECO "D24"]
[WhiteElo "2159"]
[BlackElo "1994"]
[Annotator "RC"]
[PlyCount "54"]
[EventDate "2024.03.26"]
[EventType "schev"]
[EventCountry "USA"]
[SourceTitle "playchess.com"]
[Source "ChessBase"]
[SourceQuality "1"]
[TimeControl "5400+30"]

1. Nf3 Nf6 2. d4 d5 3. c4 e6 4. Nc3 dxc4 5. Bg5 a6 6. a4 Nc6 7. e4 Na5 8. e5 h6 9. Bh4 g5 10. Nxg5 hxg5 11. Bxg5 Be7 12. exf6 Bxf6 13. Bxf6 Qxf6 14. Ne4 Qf4 15. Qe2 Bd7 16. g3 Qf5 17. Bg2 Bc6 18. O-O O-O-O 19. Qe3 Nb3 20. Rad1 Bxe4 21. Bxe4 Qh3 22. Rfe1 Qxh2+ 23. Kf1 Qh3+ 24. Bg2 Qg4 25. Bf3 Qh3+ 26. Bg2 Qg4 27. Bf3 Qh3+ 1/2-1/2

[Event "1000GM Spring IM-D 2024"]
[Site "New York"]
[Date "2024.03.28"]
[Round "1.9"]
[White "Safranek, William"]
[Black "Bonin, Jay"]
[Result "1-0"]
[ECO "C41"]
[WhiteElo "1950"]
[BlackElo "2154"]
[Annotator "RC"]
[PlyCount "143"]
[EventDate "2024.03.26"]
[EventType "schev"]
[EventCountry "USA"]
[SourceTitle "playchess.com"]
[Source "ChessBase"]
[SourceQuality "1"]
[TimeControl "5400+30"]

1. e4 e5 2. Nf3 Qe7 3. d4 d6 4. Nc3 c6 5. a4 a5 6. Bc4 h6 7. O-O g6 8. b3 Nf6 9. Ba3 Qc7 10. Qd2 Na6 11. Rad1 Bd7 12. dxe5 dxe5 13. Bd6 Bxd6 14. Qxd6 Qxd6 15. Rd3 Qd5 16. Rxd5 Ke7 17. Rd2 Nc5 18. Nxe5 Be6 19. f3 Rhd8 20. Rfd1 Rxd2 21. Rxd2 g5 22. Bxe6 Kxe6 23. Nc4 Ne8 24. Ne2 h5 25. Kf2 h4 26. Ke3 Ke7 27. g3 hxg3 28. hxg3 Nf6 29. Nd4 Kf8 30. Nf5 b5 31. Ne5 bxa4 32. bxa4 Nxa4 33. Rh2 Nb6 34. Rh8+ Ng8 35. Rh7 Ra7 36. Ng6+ fxg6 37. Rxa7 gxf5 38. exf5 Nf6 39. Kd4 Nbd7 40. Rxa5 Ke7 41. c4 Kd6 42. c5+ Kc7 43. Ra7+ Kb8 44. Ra2 Kb7 45. Rh2 Ka6 46. Rh6 Kb5 47. Rg6 Nd5 48. Rxg5 Nxc5 49. Rg8 Nd7 50. Rd8 N5f6 51. g4 c5+ 52. Ke3 Kc6 53. g5 Kc7 54. Rh8 Nd5+ 55. Ke4 Ne7 56. f6 Ng6 57. Rg8 Ngf8 58. f4 Kd6 59. f5 c4 60. Rh8 c3 61. Rh2 Kc5 62. Rc2 Kc4 63. f7 Kb3 64. Rh2 c2 65. Rh1 Kb2 66. g6 Nf6+ 67. Kf4 c1=Q+ 68. Rxc1 Kxc1 69. Kg5 Ne4+ 70. Kh4 Nd6 71. Kg4 Nd7 72. Kf4 1-0

[Event "1000GM Spring IM-D 2024"]
[Site "New York"]
[Date "2024.03.28"]
[Round "2.1"]
[White "Fedorowicz, John"]
[Black "Yoo, Eugene"]
[Result "1/2-1/2"]
[ECO "B22"]
[WhiteElo "2372"]
[BlackElo "2205"]
[Annotator "RC"]
[PlyCount "29"]
[EventDate "2024.03.26"]
[EventType "tourn"]
[EventCountry "USA"]
[SourceTitle "playchess.com"]
[Source "ChessBase"]
[SourceQuality "1"]
[TimeControl "5400+30"]

1. e4 c5 2. Nf3 Nc6 3. Bb5 e5 4. c3 a6 5. Ba4 b5 6. Bc2 d5 7. a4 b4 8. d4 cxd4 9. cxd4 Bg4 10. dxe5 Nxe5 11. Nbd2 Nf6 12. exd5 Bc5 13. h3 Bh5 14. g4 Qe7 15. Nxe5 1/2-1/2

[Event "1000GM Spring IM-D 2024"]
[Site "New York"]
[Date "2024.03.28"]
[Round "2.2"]
[White "Rohde, Michael"]
[Black "Safranek, William"]
[Result "1/2-1/2"]
[ECO "D34"]
[WhiteElo "2318"]
[BlackElo "1950"]
[Annotator "RC"]
[PlyCount "30"]
[EventDate "2024.03.26"]
[EventType "tourn"]
[EventCountry "USA"]
[SourceTitle "playchess.com"]
[Source "ChessBase"]
[SourceQuality "1"]
[TimeControl "5400+30"]

1. Nf3 d5 2. d4 c5 3. c4 e6 4. cxd5 exd5 5. g3 Nf6 6. Bg2 Nc6 7. O-O Be7 8. dxc5 Bxc5 9. Nc3 O-O 10. Na4 Bb6 11. Bg5 d4 12. Nxb6 Qxb6 13. Bxf6 gxf6 14. Qd2 Kg7 15. Rfd1 Rd8 1/2-1/2

[Event "1000GM Spring IM-D 2024"]
[Site "New York"]
[Date "2024.03.28"]
[Round "2.3"]
[White "Shangin, Lev"]
[Black "Polyik, Peter"]
[Result "1-0"]
[ECO "D38"]
[WhiteElo "1994"]
[BlackElo "2295"]
[Annotator "RC"]
[PlyCount "69"]
[EventDate "2024.03.26"]
[EventType "tourn"]
[EventCountry "USA"]
[SourceTitle "playchess.com"]
[Source "ChessBase"]
[SourceQuality "1"]
[TimeControl "5400+30"]

1. d4 Nf6 2. c4 e6 3. Nf3 d5 4. Nc3 Bb4 5. cxd5 exd5 6. Bg5 Qd6 7. Bxf6 Qxf6 8. Qb3 Qb6 9. e3 c6 10. Bd3 Nd7 11. O-O Be7 12. Qc2 Nf6 13. Ne5 O-O 14. f4 Qd8 15. Na4 Re8 16. Kh1 Bd6 17. Rf3 Ne4 18. Bxe4 dxe4 19. Rff1 Be6 20. Nc5 Bxc5 21. Qxc5 Qb6 22. Qc2 Qa6 23. f5 Bd5 24. f6 gxf6 25. Rxf6 Re6 26. Qf2 Rxf6 27. Qxf6 Qe2 28. Rf1 Rf8 29. h3 Be6 30. Rf4 Qxe3 31. Ng4 Qc1+ 32. Kh2 Rc8 33. Qh6 Kh8 34. Nf6 Bf5 35. Nh5 1-0

[Event "1000GM Spring IM-D 2024"]
[Site "New York"]
[Date "2024.03.28"]
[Round "2.4"]
[White "Lapshun, Yury"]
[Black "Espinosa, Pedro"]
[Result "0-1"]
[ECO "D12"]
[WhiteElo "2332"]
[BlackElo "2229"]
[Annotator "RC"]
[PlyCount "34"]
[EventDate "2024.03.26"]
[EventType "tourn"]
[EventCountry "USA"]
[SourceTitle "playchess.com"]
[Source "ChessBase"]
[SourceQuality "1"]
[TimeControl "5400+30"]

1. d4 d5 2. Nf3 Nf6 3. e3 c6 4. c4 Bf5 5. Nc3 e6 6. Qb3 Qc7 7. Nh4 Bg6 8. Bd2 Nbd7 9. Rc1 Rc8 10. g3 Be7 11. Nxg6 hxg6 12. Bg2 Nb6 13. cxd5 exd5 14. Nxd5 Nbxd5 15. e4 Nb6 16. O-O Qd7 17. Bc3 O-O 0-1

[Event "1000GM Spring IM-D 2024"]
[Site "New York"]
[Date "2024.03.28"]
[Round "2.5"]
[White "Bonin, Jay"]
[Black "Cherukuri, Nitesh"]
[Result "1/2-1/2"]
[ECO "E92"]
[WhiteElo "2154"]
[BlackElo "2000"]
[Annotator "RC"]
[PlyCount "85"]
[EventDate "2024.03.26"]
[EventType "tourn"]
[EventCountry "USA"]
[SourceTitle "playchess.com"]
[Source "ChessBase"]
[SourceQuality "1"]
[TimeControl "5400+30"]

1. d4 Nf6 2. Nf3 g6 3. c4 Bg7 4. Nc3 O-O 5. e4 d6 6. Be2 e5 7. dxe5 dxe5 8. Qxd8 Rxd8 9. Bg5 Be6 10. Nd5 Bxd5 11. cxd5 c6 12. Bc4 b5 13. Bb3 a5 14. a4 bxa4 15. Rxa4 Nbd7 16. dxc6 Nc5 17. Ra3 Nxb3 18. Rxb3 Rac8 19. Rb6 Rd6 20. Bxf6 Bxf6 21. Ke2 Rdxc6 22. Rxc6 Rxc6 23. Kd3 Rb6 24. Kc2 Rb4 25. Re1 Kf8 26. Nd2 Be7 27. f3 a4 28. Ra1 Bc5 29. Nb1 Rc4+ 30. Nc3 a3 31. Kd3 Rd4+ 32. Kc2 axb2 33. Rb1 Rc4 34. Rxb2 Bd4 35. Rb3 Ke7 36. Kd3 Rxc3+ 37. Rxc3 Bxc3 38. Kxc3 Kd6 39. Kb4 Kc6 40. Kc4 g5 41. g3 h5 42. h3 h4 43. g4 1/2-1/2

[Event "1000GM Spring IM-D 2024"]
[Site "New York"]
[Date "2024.03.28"]
[Round "2.6"]
[White "Ho, Cooper"]
[Black "Khodzhamkuliev, Bahadur"]
[Result "1/2-1/2"]
[ECO "B60"]
[WhiteElo "2004"]
[BlackElo "2159"]
[Annotator "RC"]
[PlyCount "32"]
[EventDate "2024.03.26"]
[EventType "tourn"]
[EventCountry "USA"]
[SourceTitle "playchess.com"]
[Source "ChessBase"]
[SourceQuality "1"]
[TimeControl "5400+30"]

1. e4 c5 2. Nf3 d6 3. d4 cxd4 4. Nxd4 Nf6 5. Nc3 Nc6 6. Bg5 Qb6 7. Nb3 Bd7 8. Qd2 e6 9. O-O-O Be7 10. Bxf6 gxf6 11. Nb5 O-O-O 12. a4 a6 13. Nxd6+ Bxd6 14. Qxd6 Qxf2 15. Bc4 Ne5 16. Na5 Bxa4 1/2-1/2

[Event "1000GM Spring IM-D 2024"]
[Site "New York"]
[Date "2024.03.28"]
[Round "2.7"]
[White "Mou, Iris"]
[Black "Urhegyi, Marton"]
[Result "1/2-1/2"]
[ECO "C50"]
[WhiteElo "2216"]
[BlackElo "2258"]
[Annotator "RC"]
[PlyCount "129"]
[EventDate "2024.03.26"]
[EventType "tourn"]
[EventCountry "USA"]
[SourceTitle "playchess.com"]
[Source "ChessBase"]
[SourceQuality "1"]
[TimeControl "5400+30"]

1. e4 e5 2. Nf3 Nc6 3. Bc4 Bc5 4. d3 Nf6 5. Nc3 d6 6. Na4 Bb6 7. a3 Be6 8. Bxe6 fxe6 9. O-O O-O 10. b4 Qe8 11. c3 Kh8 12. h3 Nh5 13. Ra2 Nf4 14. Nxb6 axb6 15. Bxf4 Rxf4 16. Re1 Qg6 17. a4 Raf8 18. Re3 Qh5 19. Qe2 g5 20. Nh2 Qg6 21. Rf3 h5 22. g3 Rxf3 23. Nxf3 g4 24. hxg4 Qxg4 25. Nh4 Qxe2 26. Rxe2 Ra8 27. b5 Nb8 28. f4 Nd7 29. fxe5 dxe5 30. Ra2 Kg7 31. Nf3 Kf6 32. Rh2 Kg6 33. Nh4+ Kh6 34. Nf3 Rxa4 35. g4 Ra1+ 36. Kg2 Ra2+ 37. Kg3 Rxh2 38. Nxh2 hxg4 39. Nxg4+ Kg5 40. Kf3 c6 41. c4 Kh4 42. Nh6 Kg5 43. Nf7+ Kf6 44. Nd6 Nc5 45. Ke3 Ke7 46. Nc8+ Kd7 47. Nxb6+ Kc7 48. Na8+ Kb8 49. Nb6 Kc7 50. Na8+ Kd6 51. Nb6 Nb3 52. bxc6 bxc6 53. Na4 Kc7 54. Nc3 Kb6 55. Ne2 Kc5 56. Ng1 Nd4 57. Nh3 Kb4 58. Ng5 Kc3 59. Nf7 Nc2+ 60. Ke2 Nd4+ 61. Ke3 Nc2+ 62. Ke2 Nd4+ 63. Ke3 Nc2+ 64. Ke2 Nd4+ 65. Ke3 1/2-1/2

[Event "1000GM Spring IM-D 2024"]
[Site "New York"]
[Date "2024.03.28"]
[Round "2.8"]
[White "Jakovljevic, Vlado"]
[Black "Gaw, Chloe"]
[Result "1-0"]
[ECO "B38"]
[WhiteElo "2356"]
[BlackElo "2092"]
[Annotator "RC"]
[PlyCount "99"]
[EventDate "2024.03.26"]
[EventType "tourn"]
[EventCountry "USA"]
[SourceTitle "playchess.com"]
[Source "ChessBase"]
[SourceQuality "1"]
[TimeControl "5400+30"]

1. c4 c5 2. Nf3 Nc6 3. d4 cxd4 4. Nxd4 g6 5. e4 Bg7 6. Be3 d6 7. Nc3 Nf6 8. Be2 a6 9. O-O O-O 10. f3 Bd7 11. Qd2 Rb8 12. Rfd1 Nxd4 13. Bxd4 Bc6 14. b4 b5 15. cxb5 Bxb5 16. Nxb5 axb5 17. Rac1 Qd7 18. Rc2 Rfc8 19. Rdc1 Rxc2 20. Rxc2 Ne8 21. Be3 Nc7 22. g3 Ne6 23. Kg2 Qb7 24. Qd3 Qa6 25. Qd2 Qa4 26. Bd1 Qa6 27. Qd3 Ra8 28. Qd5 Rb8 29. Qd3 Ra8 30. Bf2 Be5 31. Re2 Qa3 32. Qxb5 Qc1 33. Qd5 Rb8 34. Be3 Qc3 35. Bd2 Qa1 36. Bb3 Bd4 37. Be1 Rc8 38. Bf2 Bxf2 39. Rxf2 Rc1 40. Qa8+ Kg7 41. Bxe6 Rg1+ 42. Kh3 Qe5 43. Qd5 Qxe6+ 44. Qxe6 fxe6 45. Rb2 Rc1 46. b5 Kf8 47. b6 Rc8 48. a4 Ke8 49. a5 Kd7 50. a6 1-0

[Event "1000GM Spring IM-D 2024"]
[Site "New York"]
[Date "2024.03.28"]
[Round "2.9"]
[White "Ho, Carter"]
[Black "Zaderman, Vitaly"]
[Result "1-0"]
[ECO "B43"]
[WhiteElo "2108"]
[BlackElo "2177"]
[Annotator "RC"]
[PlyCount "57"]
[EventDate "2024.03.26"]
[EventType "tourn"]
[EventCountry "USA"]
[SourceTitle "playchess.com"]
[Source "ChessBase"]
[SourceQuality "1"]
[TimeControl "5400+30"]

1. e4 c5 2. Nf3 e6 3. d4 cxd4 4. Nxd4 a6 5. Nc3 Qc7 6. Qf3 Nf6 7. Qg3 Qxg3 8. hxg3 Nc6 9. Nxc6 dxc6 10. e5 Nd7 11. f4 b5 12. Be3 Bb7 13. Be2 Be7 14. O-O-O O-O-O 15. Ne4 c5 16. Nd6+ Bxd6 17. Rxd6 Bxg2 18. Rhd1 Bb7 19. a4 bxa4 20. Bxa6 Bxa6 21. Rxa6 Kb7 22. Rdd6 g5 23. fxg5 Nxe5 24. Rdb6+ Kc8 25. Bf4 Rd5 26. c4 Nxc4 27. Rb8+ Kd7 28. Ra7+ Kc6 29. Rc7# 1-0

[Event "1000GM Spring IM-D 2024"]
[Site "New York"]
[Date "2024.03.29"]
[Round "3.1"]
[White "Cherukuri, Nitesh"]
[Black "Rohde, Michael"]
[Result "1-0"]
[ECO "B43"]
[WhiteElo "2000"]
[BlackElo "2318"]
[Annotator "RC"]
[PlyCount "57"]
[EventDate "2024.03.26"]
[EventType "tourn"]
[EventCountry "USA"]
[SourceTitle "playchess.com"]
[Source "ChessBase"]
[SourceQuality "1"]
[TimeControl "5400+30"]

1. e4 c5 2. Nf3 e6 3. d4 cxd4 4. Nxd4 a6 5. Nc3 Qc7 6. Bd3 Nf6 7. Qe2 d6 8. g4 Nc6 9. Be3 Nxd4 10. Bxd4 e5 11. Be3 Bxg4 12. f3 Be6 13. O-O-O Rc8 14. Rhg1 g6 15. f4 Bh6 16. f5 Bxe3+ 17. Qxe3 gxf5 18. exf5 Bd5 19. Qh6 Qe7 20. Nxd5 Nxd5 21. Bxa6 Qc7 22. Bb5+ Ke7 23. f6+ Nxf6 24. c4 d5 25. Rgf1 Qd6 26. Rxd5 Qe6 27. Qg5 Rhg8 28. Rd7+ Kf8 29. Qxf6 1-0

[Event "1000GM Spring IM-D 2024"]
[Site "New York"]
[Date "2024.03.29"]
[Round "3.2"]
[White "Yoo, Eugene"]
[Black "Urhegyi, Marton"]
[Result "1/2-1/2"]
[ECO "E08"]
[WhiteElo "2205"]
[BlackElo "2258"]
[Annotator "RC"]
[PlyCount "31"]
[EventDate "2024.03.26"]
[EventType "tourn"]
[EventCountry "USA"]
[SourceTitle "playchess.com"]
[Source "ChessBase"]
[SourceQuality "1"]
[TimeControl "5400+30"]

1. d4 d5 2. Nf3 Nf6 3. g3 e6 4. Bg2 Be7 5. O-O O-O 6. c4 c6 7. b3 a5 8. Qc2 b6 9. Bb2 Nbd7 10. Rd1 Bb7 11. Nc3 Ba6 12. Nd2 Rc8 13. e4 dxe4 14. Ndxe4 b5 15. Nxf6+ Nxf6 16. Ne4 1/2-1/2

[Event "1000GM Spring IM-D 2024"]
[Site "New York"]
[Date "2024.03.29"]
[Round "3.3"]
[White "Safranek, William"]
[Black "Lapshun, Yury"]
[Result "0-1"]
[ECO "B23"]
[WhiteElo "1950"]
[BlackElo "2332"]
[Annotator "RC"]
[PlyCount "128"]
[EventDate "2024.03.26"]
[EventType "tourn"]
[EventCountry "USA"]
[SourceTitle "playchess.com"]
[Source "ChessBase"]
[SourceQuality "1"]
[TimeControl "5400+30"]

1. e4 c5 2. Nc3 Nc6 3. Bb5 g6 4. Bxc6 bxc6 5. d3 Bg7 6. f4 d6 7. Nf3 Nf6 8. O-O Rb8 9. Qe1 Bg4 10. e5 Nd5 11. exd6 Bxf3 12. Rxf3 Nxc3 13. bxc3 e6 14. f5 gxf5 15. Rxf5 O-O 16. Bg5 Qxd6 17. Bf4 Qd7 18. Rh5 Rb2 19. Qg3 f6 20. Rxc5 Rxc2 21. d4 Rb2 22. Rh5 Qf7 23. Rc5 Rc8 24. Qf3 Qg6 25. h4 Bf8 26. Ra5 Qg7 27. Bc1 Rb5 28. Rxb5 cxb5 29. Bd2 Rd8 30. a4 b4 31. cxb4 f5 32. Qf2 Qg4 33. Bf4 Bxb4 34. Rb1 a5 35. Qe3 Kf7 36. Rc1 Bd6 37. Bg5 Rb8 38. Re1 Qe4 39. Qxe4 fxe4 40. Rxe4 Rb4 41. Bf4 Be7 42. Be5 Rxa4 43. Rg4 Bf8 44. Rf4+ Ke8 45. Rf1 Rc4 46. Rb1 Bb4 47. Ra1 Bc3 48. Rb1 Rb4 49. Rc1 Rb3 50. Rc2 a4 51. Ra2 a3 52. Kh2 h5 53. Kh1 Bb2 54. Kg1 Kd7 55. Kf2 Kc6 56. g4 hxg4 57. h5 Rh3 58. Bg7 Rxh5 59. Kg3 Rd5 60. Bf8 Rxd4 61. Kh4 Ra4 62. Kg3 Kd5 63. Be7 Kc4 64. Bxa3 Rxa3+ 0-1

[Event "1000GM Spring IM-D 2024"]
[Site "New York"]
[Date "2024.03.29"]
[Round "3.4"]
[White "Gaw, Chloe"]
[Black "Fedorowicz, John"]
[Result "0-1"]
[ECO "D85"]
[WhiteElo "2092"]
[BlackElo "2372"]
[Annotator "RC"]
[PlyCount "136"]
[EventDate "2024.03.26"]
[EventType "tourn"]
[EventCountry "USA"]
[SourceTitle "playchess.com"]
[Source "ChessBase"]
[SourceQuality "1"]
[TimeControl "5400+30"]

1. d4 Nf6 2. c4 g6 3. Nc3 d5 4. cxd5 Nxd5 5. Nf3 Bg7 6. Qa4+ c6 7. e4 Nxc3 8. bxc3 O-O 9. Be2 Nd7 10. O-O b5 11. Qc2 Nb6 12. Be3 Be6 13. Nd2 Rc8 14. Rfd1 f5 15. f3 Kh8 16. Kh1 Qc7 17. c4 fxe4 18. fxe4 Qb7 19. Rac1 Bg8 20. Qb1 a6 21. Qb4 Na4 22. Bd3 c5 23. dxc5 Nb2 24. Nb3 Nxd3 25. Rxd3 Qxe4 26. Qd2 bxc4 27. Rd4 Qa8 28. Na5 Rxc5 29. Rdxc4 Rxc4 30. Nxc4 Qd5 31. a3 Rc8 32. Qxd5 Bxd5 33. Nb6 Rxc1+ 34. Bxc1 Bc6 35. Be3 Kg8 36. Kg1 Kf7 37. Kf2 Ke6 38. g3 Bb7 39. Na4 Kd5 40. Nb6+ Kc6 41. Ke2 Kb5 42. Kd3 Be5 43. a4+ Kb4 44. Bd2+ Kb3 45. Nc4 Bc7 46. Ba5 Bb8 47. Bd8 Bg2 48. Ne3 Bc6 49. Bxe7 Bxa4 50. Nd5 Bb5+ 51. Kd2 a5 52. Nc3 Bc6 53. Ne2 Kc4 54. Nc3 Be5 55. Nb1 a4 56. Na3+ Kb3 57. Nc2 Bc3+ 58. Kc1 Be4 59. Ne3 a3 60. Bxa3 Kxa3 61. Nc4+ Kb4 62. Nd6 Bd3 63. Nb7 Kc4 64. Nd8 Kd5 65. Nf7 Bf6 66. Kd2 Bf5 67. Ke2 Be6 68. Nh6 Bg7 0-1